 Dungeon Crawl Stone Soup version 0.27.1-2-g3b301248ec (webtiles) character file.

Game seed: 2353543335360230583

60 Descartes the Ducker (level 3, -5/18 HPs)
             Began as a Spriggan Warper on Sept 24, 2021.
             Splashed by Ijyb's acid (6 damage)
             ... on level 3 of the Dungeon.
             The game lasted 00:03:00 (2447 turns).

Descartes the Ducker (Spriggan Warper)              Turns: 2447, Time: 00:03:00

Health: -5/18      AC:  5    Str:  8    XL:     3   Next: 80%
Magic:  5/8        EV: 18    Int: 14    God:
Gold:   11         SH:  0    Dex: 14    Spells: 2/7 levels left

rFire    . . .     SeeInvis +   a - +0 short sword
rCold    . . .     Faith    .   (shield restricted)
rNeg     . . .     Spirit   .   b - +0 robe
rPois    .         Reflect  .   (helmet restricted)
rElec    .         Harm     .   e - +2 cloak
rCorr    .         Rampage  .   (gloves unavailable)
Will     .....                  (boots unavailable)
Stlth    ++........             (no amulet)
HPRegen  0.06/turn              (no ring)
MPRegen  0.11/turn              (no ring)

@: very quick
A: very small, no large weapons, unfitting armour, see invisible, speed 3
a: no special abilities


You were on level 3 of the Dungeon.
You visited 1 branch of the dungeon, and saw 3 of its levels.

You collected 11 gold pieces.

Inventory:

Hand Weapons
 a - a +0 short sword (weapon)
Missiles
 d - 5 boomerangs of dispersal (quivered)
 f - 49 stones
 l - 28 arrows
Armour
 b - a +0 robe (worn)
 e - a +2 cloak (worn)
 j - a +0 buckler
Scrolls
 c - a scroll of blinking
 g - a scroll of identify {unknown}
 h - a scroll of summoning {unknown}
 i - a scroll of immolation {unknown}
 m - a scroll of torment {unknown}
Potions
 k - a potion of brilliance {unknown}


   Skills:
 - Level 1.5 Fighting
 - Level 2.1 Short Blades
 - Level 1.0 Throwing
 + Level 4.6 Dodging
 + Level 3.6 Stealth
 + Level 0.4 Shields
 - Level 2.6 Spellcasting
 + Level 0.0 Hexes
 + Level 4.4 Translocations


You had 2 spell levels left.
You knew the following spells:

 Your Spells              Type           Power      Damage    Failure   Level
a - Blink                 Tloc           N/A        N/A       5%          2
b - Confusing Touch       Hex            1%         N/A       54%         3

Your spell library contained the following spells:

 Spells                   Type           Power      Damage    Failure   Level
 Slow                     Hex            1%         N/A       32%         2
 Gell's Gravitas          Tloc           7%         N/A       11%         3
 Lesser Beckoning         Tloc           7%         N/A       11%         3
 Teleport Other           Tloc           14%        N/A       11%         3
 Vampiric Draining        Necr           0%         2d6       54%         3
 Manifold Assault         Tloc           14%        N/A       69%         5


Dungeon Overview and Level Annotations

Branches:
Dungeon (2/15)

Altars:

Annotations:
D:3 Ijyb, Robin, Terence


Innate Abilities, Weirdness & Mutations

You are very small and have problems with some larger weapons.
You are too small for most types of armour.
You have supernaturally acute eyesight. (SInv)
You cover ground extremely quickly. (Speed+++)


Message History

2 goblins come into view.
You hear a shout!
Found 28 arrows.
The goblin completely misses you.
Robin roars a battlecry!
The goblin goes into a battle-frenzy!
A rat comes into view.
You see here 28 arrows.
l - 28 arrows The rat misses you.
You hit the rat.
You kill the rat!
You see here a rat corpse.
An endoplasm comes into view.
A kobold and Terence come into view.
A ball python comes into view.
Found 23 stones.
The ball python hisses angrily.
Terence shouts!
An endoplasm comes into view.
An adder comes into view.
The adder hisses angrily.
The goblin no longer looks unusually strong.
Casting: Blink (safe; 5% risk of failure)
Confirm with . or Enter, or press ? or * to list all spells.
You blink.
The hobgoblin no longer looks unusually strong.
The hobgoblin barely misses you. The ball python closely misses you.
The ball python grabs you. The ball python constricts you.
Casting: Blink (safe; 5% risk of failure)
Confirm with . or Enter, or press ? or * to list all spells.
You escape the ball python's grasp.
You blink.
Found a scroll labelled YSKODI OPUD.
You see here a scroll labelled YSKODI OPUD.
m - a scroll labelled YSKODI OPUD Ijyb the Twisted Goblin comes into view.
She is wielding a +0 dagger and carrying a wand of acid (7).
Ijyb shouts!
You hit Ijyb but do no damage.
Ijyb zaps a wand.
The bolt of acid hits you!
Ouch! That really hurt!
* * * LOW HITPOINT WARNING * * *
You are splashed with acid.
You die...

##### §# #...# §§#
#...# #§§# #...#
###≈§.# #...# #.....#
###...##########....#
......g..g.g....@...#
###...#########..g..#
#...# #......# #...#
#.######
###g###########
g.Sg§S..S.....#
#...@####.....#
#....# ##...#
#....###### ..#


You could see Ijyb and 2 goblins.

Vanquished Creatures
  An adder (D:2)
  A worm (D:2)
  A dart slug (D:2)
  2 endoplasms (D:1)
  2 giant cockroaches
  4 goblins
  7 hobgoblins
  4 jackals (D:2)
  6 kobolds
  3 quokkas
  3 ball pythons
  3 bats (D:2)
  A frilled lizard (D:1)
  3 rats
41 creatures vanquished.

Notes
Turn   | Place    | Note
-------+----------+-------------------------------------------
     0 | D:1      | Descartes the Spriggan Warper began the quest for the Orb.
     0 | D:1      | Reached XP level 1. HP: 10/10 MP: 5/5
    33 | D:1      | Reached skill level 1 in Stealth
   314 | D:1      | Reached XP level 2. HP: 8/14 MP: 6/6
   686 | D:1      | Learned a level 2 spell: Blink
  1363 | D:2      | Reached XP level 3. HP: 14/18 MP: 8/8
  2301 | D:2      | Learned a level 3 spell: Confusing Touch
  2399 | D:2      | You fall into a shaft and drop 1 floor!
  2400 | D:3      | Noticed Robin
  2421 | D:3      | Noticed Terence
  2440 | D:3      | Noticed Ijyb
  2447 | D:3      | Splashed by Ijyb's acid

Illustrated notes

Levels and vault maps discovered:
D:1:      dpeg_arrival_fog, layout_basic, chequers_serial_rivers_large_a,
          corexii_hall_statues_i, st_stairs_13
D:2:      layout_loops_corners, kennysheep_path_1,
          chequers_serial_rivers_small_a
D:3:      minmay_recursive_quarters, layout_rooms, lightli_temple_of_fire,
          portal_sewer_entry_a, uniq_sigmund, uniq_robin, uniq_ijyb,
          uniq_terence

Skill      XL: |  1  2 |
---------------+-------+-----
Stealth        | 1 3 |  3.6
Dodging        | 4 |  4.6
Fighting       | |  1.5
Short Blades   | |  2.1
Throwing       | |  1.0
Shields        | |  0.4
Spellcasting   | |  2.6
Translocations | |  4.4

Action                   || total
-------------------------++-------
Melee: Short sword       ||   198
 Cast: Blink             ||     3
 Stab: Sleeping          ||     4
Armor: Robe              ||    29
Dodge: Dodged            ||   186
